 Dungeon Crawl Stone Soup version 0.27-a0-679-g77a6b55cf3 (webtiles) character file.

Game seed: 5666385511167872987

1 rednaxela the Caller (level 1, -1/14 HPs)
             Began as a Palentonga Summoner on Mar 19, 2021.
             Hit by a stone thrown by a kobold (4 damage)
             ... on level 1 of the Dungeon.
             The game lasted 00:00:53 (241 turns).

rednaxela the Caller (Palentonga Summoner)           Turns: 241, Time: 00:00:53

Health: -1/14      AC:  4    Str: 11    XL:     1   Next: 16%
Magic:  3/3        EV:  9    Int: 15    God:
Gold:   0          SH:  0    Dex: 10    Spells: 3/4 levels left

rFire    . . .     SeeInvis +   b - +0 club
rCold    . . .     Faith    .   (no shield)
rNeg     . . .     Spirit   .   d - +0 leather armour
rPois    .         Reflect  .   (no helmet)
rElec    .         Harm     .   (no cloak)
rCorr    .         Rampage  .   (no gloves)
Will     .....                  (no barding)
Stlth    +.........             (no amulet)
HPRegen  0.04/turn              (no ring)
MPRegen  0.08/turn              (no ring)

@: lethally poisoned (-1 -> -8)
A: large, rugged brown scales 3, see invisible, deformed body, roll 1, armoured
tail
a: Rolling Charge


You were on level 1 of the Dungeon.
You visited 1 branch of the dungeon, and saw 1 of its levels.

Inventory:

Hand Weapons
 b - a +0 club (weapon)
   (You took it off a kobold on level 1 of the Dungeon)
Armour
 d - a +0 leather armour (worn)
   (You found it on level 1 of the Dungeon)
Scrolls
 a - a scroll of identify {unknown}
 c - a scroll of amnesia {unknown}


   Skills:
 + Level 0.2 Fighting
 - Level 1.5 Dodging
 - Level 1.2 Stealth
 - Level 2.0 Spellcasting
 - Level 3.2 Summonings


You had 3 spell levels left.
You knew the following spells:

 Your Spells              Type           Power      Damage    Failure   Level
a - Summon Small Mammal   Summ           44%        N/A       8%          1

Your spell library contained the following spells:

 Spells                   Type           Power      Damage    Failure   Level
 Call Imp                 Summ           11%        N/A       12%         2
 Call Canine Familiar     Summ           11%        N/A       22%         3
 Summon Guardian Golem    Hex/Summ       6%         N/A       41%         3
 Summon Ice Beast         Ice/Summ       6%         N/A       83%         4
 Summon Lightning Spire   Summ/Air       6%         N/A       83%         4


Dungeon Overview and Level Annotations

Branches:
Dungeon (1/15)

Altars:


Innate Abilities, Weirdness & Mutations

You are completely covered in rugged brown scales. (AC +3, +7% HP)
You have supernaturally acute eyesight. (SInv)
Armour fits poorly on your strangely shaped body.
You can roll at nearby foes to attack.
You have a long armoured tail.


Message History

Welcome, rednaxela the Palentonga Summoner.
Will you prevail where others failed? Will you find the Orb of Zot?
Press ? for a list of commands and other information.
Found a staircase leading out of the dungeon.
Found a robe.
Found a scroll labelled TIOKHL NESEMUI.
A kobold comes into view. It is wielding a +0 club.
The kobold shouts!
Casting: Summon Small Mammal (safe; 6% risk of failure)
Confirm with . or Enter, or press ? or * to list all spells.
The kobold hits you with a +0 club. The kobold barely misses you.
Your rat bites the kobold.
The kobold dies!
Things that are here:
a +0 club; 3 stones
b - a +0 club
b - a +0 club (weapon)
Magic restored.
Your rat disappears in a puff of smoke!
HP restored.
c - a scroll labelled TIOKHL NESEMUI
Found a stone staircase leading down.
Found a leather armour.
You see here a +0 leather armour.
d - a +0 leather armour You start removing your armour.
You continue taking off your +0 robe. x4
You finish taking off your +0 robe.
You start putting on your armour.
You continue putting on your +0 leather armour. x5
You finish putting on your +0 leather armour.
Drop what? 4/52 slots (_ for help) (? for menu, Esc to quit)
You drop a +0 robe.
A rat comes into view.
You hit the rat.
You kill the rat!
No target in view!
a - a scroll labelled GETEMUERAU A kobold comes into view.
It is wielding a +2 dagger of venom.
The kobold barely misses you.
You barely miss the kobold.
The kobold hits you with a +2 dagger of venom.
You are poisoned.
The kobold closely misses you.
You closely miss the kobold.
You feel sick. The kobold closely misses you.
You feel sick.
The kobold throws a stone.
The stone hits you.
* * * LOW HITPOINT WARNING * * *
You aren't carrying any potions.
* * * LOW HITPOINT WARNING * * *
You feel sick.
The kobold throws a stone.
The stone closely misses you.
The kobold throws a stone.
The stone barely misses you.
* * * LOW HITPOINT WARNING * * *
You feel sick.
The kobold throws a stone.
The stone closely misses you.
The kobold throws a stone.
The stone barely misses you.
* * * LOW HITPOINT WARNING * * *
You feel sick.
The kobold throws a stone.
The stone hits you.
You die...

################
.####..K##.......... ######
........##.......... #....#
.................... #....##
.............###########....##
................#...........##
....................>.......##
.......#........#...........##
.......#.....@..##............
................##.#####.#...#
####...........##.##........#
#...............#.###....#
..................# #....#
.........###......# #....#
.##########.(....# ##..##
..........###.####..##
......................


You could see a kobold.

Vanquished Creatures
  A rat (D:1)
1 creature vanquished.

Vanquished Creatures (collateral kills)
  A kobold (D:1)
1 creature vanquished.

Grand Total: 2 creatures vanquished

Notes
Turn   | Place    | Note
-------+----------+-------------------------------------------
     0 | D:1      | rednaxela the Palentonga Summoner began the quest for the
                  | Orb.
     0 | D:1      | Reached XP level 1. HP: 14/14 MP: 3/3
   241 | D:1      | Hit by a stone thrown by a kobold

Illustrated notes

Levels and vault maps discovered:
D:1:      dpeg_arrival_central, layout_basic, serial_shops, nicolae_shop_stone

Action                   || total
-------------------------++-------
Melee: Club              ||     3
 Cast: Summon Small Mamm ||     1
Dodge: Dodged            ||     8

Table legend: (Time is in decaauts)
 A = Elapsed time spent in this place.
 B = Non-inter-level travel time spent in this place.
 C = Inter-level travel time spent in this place.
 D = Time resting spent in this place.
 E = Time spent auto-exploring this place.
 F = Levels seen in this place.
 G = Mean time per level.
                   A        B        C        D        E       F      G
               +--------+--------+--------+--------+--------+-----+--------+
         Total |    241 |    241 |      0 |      0 |    193 |   1 |  241.0 |
       Dungeon |    241 |    241 |      0 |      0 |    193 |   1 |  241.0 |
               +--------+--------+--------+--------+--------+-----+--------+

Top non-repeatable levels by time:
     D:1: 241 daAuts
